cohdb
Replays
Latest Replays
All Replays
Popular Replays
Top Player Replays
Match Explorer
How It Works
Community
CoH3 Stats
Reddit
Sign in to upload your games and track your stats! →
Sign in with Steam
Match 43757997
Unlisted
Match 43757997
Overview
Messages
Build Orders
End
Construct Weapon Support Center
Selects Heavy Weapons
M1919 Machine Gun Team
M1919 Machine Gun Team
Bazooka Squad
Construct Barracks
Riflemen Squad
Selects Assault Carriers
Mechanized Support Center
Selects M2HB .50cal Heavy Machine Gun
M3 Assault Carrier
Construct Motor Pool
M8 Greyhound Armored Car
M1918 Browning Automatic Rifles
Selects Exchangeable Parts
M8 Greyhound Armored Car
M8 Greyhound Armored Car
Engineer Squad
M8 Greyhound Armored Car
Construct Medical Station
Selects Rapid Reposition
M8 Greyhound Armored Car
M16 Multiple Gun Motor Carriage
[CHUD] Sad Chinese MAN
Serial Chiller
zzzz自闭
电脑玩家桑尼
RUFFNECK
xXDom91Xx
mr.maxime
PenikmatKopi
0
0
Comments
sign in to comment!
No comments posted yet!